 Dungeon Crawl Stone Soup version 0.32-a0-996-gb3226c233f (webtiles) character file.

Game seed: 8964003657100247672

110941 ouz the Fencer (level 16, -29/163 HPs)
             Began as a Minotaur Gladiator on Apr 23, 2024.
             Was a High Priest of Okawaru.
             Killed from afar by Nikola (74 damage)
             ... with an arc of chain lightning
             ... on level 1 of the Swamp.
             The game lasted 00:33:12 (24418 turns).

ouz the Fencer (Minotaur Gladiator)                Turns: 24418, Time: 00:33:42

Health: -29/163    AC: 25    Str: 20    XL:     16   Next: 8%
Magic:  22/22      EV: 20    Int:  5    God:    Okawaru [*****.]
Gold:   833        SH:  6    Dex: 22    Spells: 15/15 levels left

rFire   . . .        m - +11 Singing Sword {sonic wave}
rCold   . . .        T - +0 buckler
rNeg    . . .        f - +0 swamp dragon scales
rPois   +            W - +2 hat
rElec   .            u - scarf {shadows}
rCorr   +            J - +2 pair of gloves {Dex+3}
SInv    .            q - +0 pair of boots
Will    +....        a - amulet of regeneration
Stlth   +            D - +4 ring of protection
HPRegen 1.27/turn    F - ring of resist corrosion
MPRegen 0.18/turn

%: no passive effects
@: studying Throwing, invisible
A: horns 2, retaliatory headbutt, hooves 1, iridescent scales 1, robust 1, no
potion heal 1
a: Renounce Religion, Heroism, Finesse, Duel


You were on level 1 of the Swamp.
You worshipped Okawaru.
Okawaru was extremely pleased with you.
You visited 6 branches of the dungeon, and saw 25 of its levels.
You also visited: Sewer.

You collected 2931 gold pieces.
You spent 2098 gold pieces at shops.

Inventory:

Hand Weapons
 m - the +11 Singing Sword (weapon) {sonic wave}
   (Okawaru gifted it to you on level 1 of the Lair of Beasts)
Missiles
 d - 2 throwing nets (quivered)
 e - 9 javelins
 p - 4 darts of dispersal
 Q - 12 silver javelins
Armour
 f - +0 swamp dragon scales (worn)
 q - a +0 pair of boots (worn)
 u - a scarf of shadows (worn)
 J - a +2 pair of gloves of dexterity (worn)
 T - a +0 buckler (worn)
 W - a +2 hat (worn)
 Y - the +5 ring mail of the Blind Marksman {rF++ Stlth+}
   (You bought it in a shop on level 1 of the Snake Pit)

   rF++:      It greatly protects you from fire.
   Stlth+:    It makes you more stealthy.
Jewellery
 a - an amulet of regeneration (around neck)
 l - a ring of protection from cold
 s - a ring of positive energy
 z - a ring of positive energy
 D - a +4 ring of protection (left hand)
 F - a ring of resist corrosion (right hand)
 V - a +4 ring of slaying
Wands
 o - a wand of flame (26)
 v - a wand of roots (9)
 A - a wand of quicksilver (8)
 E - a wand of mindburst (14)
 R - a wand of digging (2)
Scrolls
 b - 2 scrolls of immolation
 c - 3 scrolls of teleportation
 h - 5 scrolls of poison
 n - 3 scrolls of noise
 y - a scroll of blinking
 C - a scroll of fear
 G - a scroll of torment
 M - 2 scrolls of fog
 N - a scroll of summoning
 O - a scroll of revelation
 P - a scroll of amnesia
 S - 6 scrolls of identify
 U - 2 scrolls of enchant weapon
Potions
 g - 4 potions of ambrosia
 j - 5 potions of enlightenment
 k - 2 potions of brilliance
 r - 4 potions of curing
 t - 5 potions of magic
 w - 6 potions of attraction
 B - a potion of resistance
 H - 2 potions of might
 I - a potion of lignification
 K - 3 potions of haste
 L - a potion of invisibility
Miscellaneous
 x - a Gell's gravitambourine (2/2)


   Skills:
 + Level 15.4 Fighting
 - Level 17.0 Long Blades
 + Level 11.8 Throwing
 + Level 14.9 Armour
 + Level 14.3 Dodging
 + Level 4.6 Shields
 + Level 9.4 Invocations


You had 15 spell levels left.
You didn't know any spells.
Your spell library contained the following spells:

 Spells                   Type           Power      Damage    Failure   Level
 Apportation              Tloc           0%         N/A       67%         1
 Magic Dart               Conj           0%         1d3       67%         1
 Necrotise                Necr           0%         1d4       67%         1
 Slow                     Hex            0%         N/A       67%         1
 Sting                    Conj/Alch      0%         1d3       67%         1
 Blink                    Tloc           0%         N/A       82%         2
 Confusing Touch          Hex            0%         N/A       96%         3
 Dazzling Flash           Conj/Hex       0%         N/A       96%         3
 Vampiric Draining        Necr           0%         2d6       96%         3
 Brom's Barrelling Bould  Conj/Erth      0%         2d3       100%        4
 Leda's Liquefaction      Alch/Erth      0%         N/A       100%        4
 Petrify                  Alch/Erth      0%         N/A       100%        4
 Metabolic Englaciation   Hex/Ice        0%         N/A       100%        5
 Bombard                  Conj/Erth      0%         9d1       100%        6
 Starburst                Conj/Fire      0%         6d3       100%        6
 Fulsome Fusillade        Conj/Alch      0%         (3-5)d4   100%        8
 Summon Small Mammal      Summ           Unusable   N/A       N/A         1
 Call Imp                 Summ           Unusable   N/A       N/A         2
 Seismic Cannonade        Alch/Erth      Unusable   6d4       N/A         7

Dungeon Overview and Level Annotations

Branches:
Dungeon (15/15)            Temple (1/1) D:4            Lair (4/5) D:10
  Swamp (1/4) Lair:3        Snake (2/4) Lair:2        Slime (0/5) Lair:4
    Orc (2/2) D:10            Elf (0/3) Orc:2        Vaults (0/5) D:13
 Depths (0/4) D:15          Sewer (visited)

Altars:
Ashenzari
Cheibriados
Dithmenos
Elyvilon
Fedhas
Gozag
Hepliaklqana
Kikubaaqudgha
Makhleb
Nemelex Xobeh
Okawaru
Qazlal
Ru
Sif Muna
Trog
Uskayaw
Vehumet
Wu Jian
Xom
Yredelemnul
Zin
The Shining One
Beogh
Jiyva

Shops:
D:1 =   D:8 *   D:10 (   Orc:2 ?[*:   Snake:1 (:*[?

Annotations:
D:4 1 runed translucent door, Szpic777's ghost, amateur TeFE
D:10 exclusions: obsidian statue and orange crystal statue
Lair:2 1 runed translucent door
Swamp:1 Nikola


Innate Abilities, Weirdness & Mutations

You have a pair of horns on your head.
You reflexively headbutt those who attack you in melee.
You have large cloven feet.
You are partially covered in iridescent scales. (AC +2)
You are robust. (+10% HP)
Potions are less effective at restoring your health.


Message History

You hear an angry buzzing noise.
Nikola points at you and mumbles some strange words.
The bolt of lightning misses you.
You hear a shout!
Nikola is nearby!
You slice Nikola!!
The Singing Sword asks plaintively, "ouz, can I go out and kill tonight?"
You send a blast of sound all around you.
Nikola is moderately wounded.
Your headbutt misses Nikola.
Nikola is moderately wounded.
You slice Nikola!! You headbutt Nikola.
Nikola is moderately wounded.
Nikola mumbles some strange words.
Lightning arcs from Nikola's hands!
The bolt of lightning hits you!!!!
Ouch! That really hurt!
* * * LOW HITPOINT WARNING * * *
A bolt of lightning appears from out of thin air!
The bolt of lightning hits Nikola!
You hear an angry buzzing noise.
You are too injured to fight recklessly!
Unknown command.
Unknown command.
You are too injured to fight recklessly!
You are too injured to fight recklessly!
Unknown command.
Okay, then.
You fade into invisibility!
Nikola misses you.
Unknown command.
Read: 2 scrolls of fear
Press: ? - help, Q - select action, (/) - cycle Dir - look around, f - activate Look: Nikola, wielding a +2 rapier of electrocution, wearing a +1 cloak of stealth and wearing a +0 pair of gloves (moderately wounded, chance to affect: 29%)
As you read the scroll of fear, it crumbles to dust.
You assume a fearsome visage.
Nikola resists with some effort.
A spriggan druid comes into view. It is wielding a +0 quarterstaff.
Nikola casts a spell.
Lightning arcs from Nikola's hands!
The bolt of lightning hits you!!!!
You die...

...♣♣♣ ♣.~~~~.~~.~.
♣~~..~♣♣♣♣..~~~.....
♣.....~♣♣.§~i~~....♣
.~~......~~~~~~.>.♣
~~~..♣♣.~~~~~~~...♣
~~.~♣♣♣♣~~~~~~§~.♣
...§.~..~~~~~~...♣
..~.§~~..~~~~...♣♣♣♣
..~.~~~.~.~~..♣♣@~~♣
♣♣~..~.~♣....~♣♣@~.♣
♣♣♣..♣♣~♣....♣♣...♣
♣♣♣♣♣♣♣♣...♣♣♣♣♣♣
♣♣†....♣♣♣♣♣♣
♣~~.~~....♣~♣♣♣
♣♣~~~~.~~~...~♣
♣♣....~~~...♣♣
♣♣♣♣♣...♣♣♣♣


You could see Nikola and a spriggan druid.

Vanquished Creatures
  Rupert (D:13)
  Aizul (Snake:1)
  A frost giant (D:15)
  An orc warlord (Orc:1)
  Azrael (Snake:1)
  A bunyip (Swamp:1)
  The ghost of Eleamy the Cleaver, a journeyman CoGl of Qazlal (Lair:1)
  Snorg (Orc:2)
  Josephine (D:10)
  A vault guard (D:13)
  Harold (D:10)
  A salamander tyrant (Snake:2)
  Erolcha (D:13)
  4 hydras
  4 centaur warriors
  2 boulder beetles
  4 ogre magi (Orc:2)
  An anaconda (Snake:1)
  17 two-headed ogres
  A naga warrior (Snake:1)
  4 tengu warriors
  Urug (D:13)
  2 naga sharpshooters (Snake:1)
  Nergalle (D:10)
  2 shock serpents (Snake:1)
  3 skysharks
  A salamander mystic (Snake:2)
  3 mana vipers (Snake:1)
  A goliath frog (Swamp:1)
  3 arcanists (D:13)
  A deep elf archer (D:13)
  A lindwurm (Lair:4)
  An obsidian bat (Orc:1)
  2 naga ritualists (Snake:1)
  2 necromancers (D:13)
  A wolf spider (D:15)
  2 ugly things
  3 deep elf pyromancers
  An orc sorcerer (Orc:1)
  4 orc knights
  3 salamanders
  4 manticores
  A will-o-the-wisp (Swamp:1)
  21 elephants
  21 black mambas
  4 cyclopes
  Joseph (D:7)
  A kobold blastminer (Orc:2)
  Maggie (D:7)
  A naga mage (Snake:1)
  A gargoyle (D:10)
  11 cane toads
  4 komodo dragons
  2 kobold demonologists (D:13)
  2 rime drakes
  Psyche (D:11)
  An efreet (D:15)
  A tengu conjurer (D:14)
  A polar bear (Lair:4)
  7 trolls
  A hornet (D:11)
  15 blink frogs
  14 slime creatures (D:14)
  2 shadows
  3 vampires
  4 wyverns
  54 yaks
  3 wraiths (D:10)
  4 fire elementals (Snake:1)
  19 humans
  6 basilisks
  8 wargs
  13 vampire mosquitoes
  2 steam dragons
  10 nagas
  5 swamp worms
  10 water moccasins
  2 acid dragons
  Duvessa (D:6)
  2 hell hounds (Snake:1)
  2 laughing skulls (D:14)
  13 orc warriors
  2 sky beasts (D:7)
  5 black bears
  2 ice beasts
  10 wolves
  26 ogres
  12 centaurs
  9 kobold brigands
  A phantom (D:6)
  17 bullfrogs
  A gnoll sergeant (D:7)
  2 scorpions
  7 wights
  Dowan (D:6)
  13 killer bees
  3 electric eels
  4 howler monkeys
  4 hounds
  Crazy Yiuf (D:7)
  7 jellies
  6 orc priests
  3 sleepcaps
  4 iguanas
  16 orc wizards
  19 gnolls
  11 adders
  4 river rats (D:5)
  A shadow imp (D:8)
  2 white imps
  4 ufetubi
  5 ribbon worms (D:5)
  7 dart slugs
  71 orcs
  7 endoplasms
  13 giant cockroaches
  19 hobgoblins
  50 kobolds
  5 quokkas
  3 ball pythons
  7 bats
  17 frilled lizards
  8 goblins
  11 rats
787 creatures vanquished.

Vanquished Creatures (others)
  A black mamba (Snake:1)
  4 foxfires (Swamp:1)
5 creatures vanquished.

Grand Total: 792 creatures vanquished

Notes
Turn   | Place    | Note
-------+----------+-------------------------------------------
     0 | D:1      | ouz the Minotaur Gladiator began the quest for the Orb.
     0 | D:1      | Reached XP level 1. HP: 18/18 MP: 0/0
   326 | D:1      | Reached skill level 4 in Long Blades
   326 | D:1      | Reached XP level 2. HP: 25/25 MP: 1/1
   507 | D:1      | Found Ticul's Jewellery Shoppe.
   887 | D:2      | Reached XP level 3. HP: 30/30 MP: 2/2
   998 | D:2      | Reached skill level 1 in Armour
  1005 | D:2      | Reached XP level 4. HP: 28/38 MP: 3/3
  1502 | D:3      | Found a broken altar of Ashenzari.
  1505 | D:3      | Saw a vision of the Swamp and the Snake Pit.
  1505 | D:3      | Noticed a naga
  1505 | D:3      | Noticed a naga
  1505 | D:3      | Noticed a spriggan druid
  1505 | D:3      | Noticed a tyrant leech
  1505 | D:3      | Noticed a tyrant leech
  1505 | D:3      | Noticed an alligator
  1505 | D:3      | Noticed a spriggan rider
  1505 | D:3      | Noticed an eleionoma
  1505 | D:3      | Noticed a spriggan rider
  1505 | D:3      | Noticed an alligator
  1505 | D:3      | Noticed a shock serpent
  1506 | D:3      | Noticed an anaconda
  1506 | D:3      | Noticed a naga warrior
  1506 | D:3      | Noticed a spriggan druid
  1506 | D:3      | Noticed a seven-headed hydra
  1580 | D:3      | Found an ancient bone altar of Kikubaaqudgha.
  1583 | D:3      | Found a shimmering blue altar of Sif Muna.
  1584 | D:3      | Found a radiant altar of Vehumet.
  1589 | D:3      | Got Vehumet's Reference Book on Wounds
  1627 | D:3      | Reached skill level 5 in Long Blades
  2134 | D:4      | Found a runed translucent door.
  2136 | D:4      | Noticed Szpic777's ghost (amateur TeFE)
  2247 | D:4      | Reached XP level 5. HP: 45/45 MP: 4/4
  2278 | D:4      | Found a staircase to the Ecumenical Temple.
  2317 | Temple   | Entered the Ecumenical Temple
  2322 | D:4      | Noticed a black bear
  2329 | D:4      | Killed a black bear
  2386 | D:4      | Noticed an ogre
  2398 | D:4      | Killed an ogre
  2399 | D:4      | Reached skill level 6 in Long Blades
  2399 | D:4      | Reached XP level 6. HP: 48/52 MP: 5/5
  2653 | D:4      | Found a burning altar of Makhleb.
  2690 | D:4      | Reached XP level 7. HP: 48/60 MP: 6/6
  2900 | D:5      | Entered Level 5 of the Dungeon
  2923 | D:5      | Reached skill level 7 in Long Blades
  2923 | D:5      | Reached skill level 5 in Dodging
  3231 | D:5      | Reached skill level 5 in Fighting
  3450 | D:5      | Found a glowing drain.
  3457 | Sewer    | Entered a sewer
  3753 | Sewer    | Reached skill level 8 in Long Blades
  3763 | Sewer    | Reached XP level 8. HP: 64/69 MP: 7/7
  4295 | D:5      | Gained mutation: Potions are less effective at restoring
                  | your health. [potion of mutation]
  4295 | D:5      | Gained mutation: Your system is resistant to poisons.
                  | (rPois) [potion of mutation]
  4295 | D:5      | Gained mutation: Your flesh is cold resistant. (rC+)
                  | [potion of mutation]
  4324 | D:5      | Reached skill level 5 in Armour
  4712 | D:5      | Reached skill level 9 in Long Blades
  5210 | D:6      | Noticed Duvessa
  5211 | D:6      | Noticed Dowan
  5224 | D:6      | Killed Duvessa
  5239 | D:6      | Killed Dowan
  5495 | D:6      | Reached XP level 9. HP: 78/78 MP: 8/8
  5698 | D:6      | Reached skill level 10 in Long Blades
  6051 | D:6      | Found an ornate altar of the Wu Jian Council.
  6051 | D:6      | Found an iron altar of Okawaru.
  6092 | D:6      | Found an opulent altar of Gozag.
  6093 | D:6      | Found a glowing silver altar of Zin.
  6126 | D:6      | Became a worshipper of Warmaster Okawaru
  6239 | D:6      | Found a hide-covered altar of Uskayaw.
  6430 | D:7      | Noticed Maggie
  6449 | D:7      | Killed Maggie
  6492 | D:7      | Reached * piety under Okawaru
  6632 | D:7      | Found a runed translucent door.
  6633 | D:7      | Noticed Crazy Yiuf
  6658 | D:7      | Found a glowing golden altar of the Shining One.
  6678 | D:7      | Reached skill level 11 in Long Blades
  6710 | D:7      | Noticed Joseph
  6722 | D:7      | Killed Joseph
  7568 | D:7      | Reached ** piety under Okawaru
  7569 | D:7      | Reached XP level 10. HP: 53/88 MP: 9/9
  7734 | D:7      | Killed Crazy Yiuf
  7943 | D:8      | Found a white marble altar of Elyvilon.
  8020 | D:8      | Found a shadowy altar of Dithmenos.
  8049 | D:8      | Found a snail-covered altar of Cheibriados.
  8173 | D:8      | Found a basalt altar of Yredelemnul.
  8433 | D:8      | Found Hoguuf's Assorted Antiques.
  8436 | D:8      | Bought a fuming cyan potion for 20 gold pieces
  8630 | D:9      | Reached skill level 12 in Long Blades
  8638 | D:9      | Noticed a two-headed ogre
  8649 | D:9      | Killed a two-headed ogre
  9079 | D:9      | Reached *** piety under Okawaru
  9227 | D:9      | Reached skill level 13 in Long Blades
  9353 | D:9      | Found a sparkling altar of Nemelex Xobeh.
  9504 | D:10     | Entered Level 10 of the Dungeon
  9553 | D:10     | Reached XP level 11. HP: 66/97 MP: 10/10
  9556 | D:10     | Reached **** piety under Okawaru
  9701 | D:10     | Noticed an obsidian statue
  9701 | D:10     | Found the +13 scythe of Curses {drain, curses, ^Drain}
  9817 | D:10     | Lost mutation: Your system is resistant to poisons. (rPois)
                  | [potion of mutation]
  9817 | D:10     | Lost mutation: Your flesh is cold resistant. (rC+) [potion
                  | of mutation]
  9817 | D:10     | Gained mutation: You passively map a small area around you.
                  | [potion of mutation]
  9817 | D:10     | Gained mutation: Armour fits poorly on your strangely
                  | shaped body. [potion of mutation]
  9817 | D:10     | Gained mutation: You have a pair of large horns on your
                  | head. [potion of mutation]
  9818 | D:10     | Lost mutation: You passively map a small area around you.
                  | [potion of mutation]
  9818 | D:10     | Lost mutation: Armour fits poorly on your strangely shaped
                  | body. [potion of mutation]
  9818 | D:10     | Lost mutation: You have a pair of large horns on your head.
                  | [potion of mutation]
  9818 | D:10     | Gained mutation: You are robust. (+10% HP) [potion of
                  | mutation]
  9818 | D:10     | Gained mutation: You are partially covered in iridescent
                  | scales. (AC +2) [potion of mutation]
  9818 | D:10     | Gained mutation: You have large cloven feet. [potion of
                  | mutation]
  9873 | D:10     | Found a staircase to the Lair.
 10073 | D:10     | Found a staircase to the Orcish Mines.
 10114 | D:10     | Found Cyevax's Antique Weapon Emporium.
 10151 | D:10     | Noticed Josephine
 10165 | D:10     | Killed Josephine
 10165 | D:10     | Reached ***** piety under Okawaru
 10166 | D:10     | Reached skill level 10 in Fighting
 10166 | D:10     | Reached skill level 14 in Long Blades
 10269 | D:10     | Noticed an orange crystal statue
 10320 | D:10     | Noticed a two-headed ogre
 10519 | D:10     | Noticed Harold
 10530 | D:10     | Killed Harold
 10603 | D:10     | Noticed Nergalle
 10620 | D:10     | Killed Nergalle
 11156 | D:11     | Received a gift from Okawaru
 11157 | D:11     | Reached skill level 10 in Armour
 11256 | D:11     | Reached skill level 10 in Dodging
 11294 | D:11     | Noticed Psyche
 11303 | D:11     | Killed Psyche
 11476 | D:11     | Noticed a two-headed ogre
 11482 | D:11     | Killed a two-headed ogre
 11637 | D:11     | Reached skill level 15 in Long Blades
 11843 | Lair:1   | Entered Level 1 of the Lair of Beasts
 11881 | Lair:1   | Received a gift from Okawaru
 11882 | Lair:1   | Reached XP level 12. HP: 103/118 MP: 9/11
 11896 | Lair:1   | Reached skill level 1 in Invocations
 12173 | Lair:1   | Noticed Eleamy's ghost (journeyman CoGl)
 12188 | Lair:1   | Found a runed translucent door.
 12526 | Lair:1   | Reached ****** piety under Okawaru
 12533 | Lair:1   | Received a gift from Okawaru
 12534 | Lair:1   | Acquired the +11 Singing Sword {sonic wave}
 12534 | Lair:1   | Received a gift from Okawaru
 12534 | Lair:1   | Found the +11 Singing Sword {sonic wave}
 12538 | Lair:1   | Acquired a +1 pair of gloves of dexterity
 12538 | Lair:1   | Received a gift from Okawaru
 13120 | Orc:1    | Entered Level 1 of the Orcish Mines
 13121 | Orc:1    | Found a roughly hewn altar of Beogh.
 13153 | Orc:1    | Reached skill level 16 in Long Blades
 13187 | Orc:1    | Noticed an orc warlord
 13204 | Orc:1    | Killed an orc warlord
 13205 | Orc:1    | Reached skill level 5 in Throwing
 14256 | Lair:2   | Found a staircase to the Snake Pit.
 14281 | Lair:2   | Reached XP level 13. HP: 128/128 MP: 14/14
 14370 | Lair:2   | Received a gift from Okawaru
 15028 | Lair:2   | Received a gift from Okawaru
 15135 | Lair:2   | Found a runed translucent door.
 15325 | Lair:2   | Noticed a reaper
 15598 | Lair:3   | Found a staircase to the Swamp.
 15655 | Lair:3   | Reached skill level 17 in Long Blades
 15655 | Lair:3   | Reached skill level 5 in Invocations
 16714 | Lair:4   | Found a viscous altar of Jiyva.
 16737 | Lair:4   | Found a staircase to the Slime Pits.
 16831 | Lair:4   | Received a gift from Okawaru
 17214 | Lair:4   | Found a hazy altar of Hepliaklqana.
 18036 | Lair:1   | Killed Eleamy's ghost
 18037 | Lair:1   | Reached XP level 14. HP: 141/141 MP: 17/17
 18115 | Orc:2    | Entered Level 2 of the Orcish Mines
 18115 | Orc:2    | Found a staircase to the Elven Halls.
 18133 | Orc:2    | Noticed Snorg
 18143 | Orc:2    | Killed Snorg
 18667 | Orc:2    | Received a gift from Okawaru
 18679 | Orc:2    | Paralysed by an ogre mage for 3 turns
 18688 | Orc:2    | Found Lacah's General Store.
 18688 | Orc:2    | Found Lauk's Book Shoppe.
 18690 | Orc:2    | Found Epeym's Magic Scroll Emporium.
 18690 | Orc:2    | Found Reale's Antique Armour Shop.
 18808 | Orc:2    | Bought a scroll of enchant armour for 127 gold pieces
 18808 | Orc:2    | Bought a scroll of fear for 68 gold pieces
 18809 | Orc:2    | Bought 2 potions of heal wounds for 100 gold pieces
 18816 | Orc:2    | Bought a manual of Throwing for 1040 gold pieces
 19152 | D:12     | Received a gift from Okawaru
 19320 | D:12     | Identified the +2 war axe "Qurob" {drain, *Corrode Int+3
                  | Stlth+}
 19716 | D:13     | Noticed Erolcha
 19724 | D:13     | Killed Erolcha
 19833 | D:13     | Noticed Rupert
 19833 | D:13     | Paralysed by Rupert for 5 turns
 19833 | D:13     | Noticed Urug
 19845 | D:13     | Received a gift from Okawaru
 19848 | D:13     | Killed Rupert
 19850 | D:13     | Killed Urug
 19871 | D:13     | Reached XP level 15. HP: 124/151 MP: 14/19
 20365 | D:13     | Received a gift from Okawaru
 20482 | D:13     | Found a gate to the Vaults.
 20628 | D:13     | Identified a scroll of acquirement
 20628 | D:13     | Acquired 809 gold pieces
 20757 | D:14     | Reached skill level 10 in Throwing
 21591 | D:15     | Entered Level 15 of the Dungeon
 21638 | D:15     | Reached skill level 1 in Shields
 21689 | D:15     | Received a gift from Okawaru
 22066 | D:15     | Found a staircase to the Depths.
 22066 | D:15     | Noticed a frost giant
 22072 | D:15     | Killed a frost giant
 22679 | Swamp:1  | Entered Level 1 of the Swamp
 22772 | Snake:1  | Entered Level 1 of the Snake Pit
 22791 | Snake:1  | Reached skill level 15 in Fighting
 22792 | Snake:1  | Received a gift from Okawaru
 22868 | Snake:1  | Found Deadior's Weapon Shoppe.
 22879 | Snake:1  | Found Plog's Assorted Antiques.
 22881 | Snake:1  | Found Vithruk's Armour Shop.
 22883 | Snake:1  | Found Cupure's Magic Scroll Boutique.
 22890 | Snake:1  | Bought a scroll of teleportation for 51 gold pieces
 22890 | Snake:1  | Bought a scroll of fear for 68 gold pieces
 22894 | Snake:1  | Bought a pitted ring mail for 351 gold pieces
 22894 | Snake:1  | Identified the +5 ring mail of the Blind Marksman {rF++
                  | Stlth+} (You bought it in a shop on level 1 of the Snake
                  | Pit)
 22894 | Snake:1  | Bought a heavily runed leather armour for 273 gold pieces
 22894 | Snake:1  | Identified the +3 leather armour "Gyzot" {Regen+ Int+3
                  | Dex-2 Stlth-} (You bought it in a shop on level 1 of the
                  | Snake Pit)
 22923 | Snake:1  | Identified the serpent talisman "Kagrov" {rCorr Str+2
                  | Stlth-}
 22923 | Snake:1  | Noticed Aizul
 22963 | Snake:1  | Killed Aizul
 23392 | Snake:1  | Received a gift from Okawaru
 23394 | Snake:1  | Found Vehun's Vocational Training.
 23838 | Snake:1  | Noticed Azrael
 23845 | Snake:1  | Killed Azrael
 23857 | Snake:1  | Reached XP level 16. HP: 120/163 MP: 22/22
 24077 | Snake:2  | Received a gift from Okawaru
 24412 | Swamp:1  | Noticed Nikola
 24418 | Swamp:1  | Killed from afar by Nikola

Illustrated notes

Levels and vault maps discovered:
D:1:      dpeg_arrival_radiant, layout_loops_cross, serial_shops, shop
D:2:      layout_rooms
D:3:      cheibrodos_greedy_goblins, layout_loops_ring,
          grunt_temple_overflow_magic_moments, grunt_ashenzari_visionary
          [grunt_ashenzari_visionary_swamp, grunt_ashenzari_visionary_snake]
D:4:      layout_basic, nicolae_overflow_hidden_temple,
          minmay_temple_entry_stoned_glass, ebering_ghost_sewer_d,
          minmay_tree_intersection, grunt_ministairs_11
D:5:      minmay_goblin_kobold_castle, layout_basic, lightli_sewer_entry_pipes
D:6:      layout_loops_ring, grunt_temple_overflow_gold_and_silver,
          nicolae_uskayaw_dance_studio, gammafunk_temple_overflow_statue,
          roderic_nine_men_s_morris, uniq_duvessa
D:7:      layout_basic, tso_metal_star, nicolae_the_louvre,
          uniq_crazy_yiuf_cottage, uniq_joseph, uniq_maggie
D:8:      layout_loops_ring, kennysheep_ying_yang,
          mainiacjoe_overflow_two_lobes, serial_shops, kennysheep_mini
D:9:      layout_basic, nemelex_xobeh_ov_fountains_minmay
D:10:     layout_irregular_city, due_lair_maze_entry_diamond, serial_shops,
          nicolae_lakefront_shop, minivault_15, minmay_protected_statue,
          uniq_josephine, uniq_harold, uniq_nergalle
D:11:     layout_basic, uniq_psyche
D:12:     layout_rooms
D:13:     layout_rooms, grunt_vaults_entry_tiered, uniq_erolcha, uniq_rupert,
          uniq_urug
D:14:     layout_roguey, chequers_mini_garden
D:15:     grunt_enter_depths_snipers, layout_gridville,
          nicolae_concentric_dashed_squares_wild, minmay_misc_feat_columns
Temple:   hellmonk_temple_micro_hex
Lair:1:   layout_hall_layers, hellmonk_ghost_happy_afterlife,
          nicolae_lair_grazing_beasts [nicolae_sub_lair_graze_edge,
          nicolae_sub_lair_graze_edge, nicolae_sub_lair_graze_edge,
          nicolae_sub_lair_graze_edge], infiniplex_staircase_pool
Lair:2:   layout_roguey, guppyfry_snake_entry_garden,
          pdpol_lair_cabin_in_the_woods
Lair:3:   layout_cave_pods, nicolae_swamp_entry_splash_gauntlet,
          infiniplex_staircase_pool_2
Lair:4:   layout_layer_cave, nicolae_slime_entry_slimehenge, basic_altar,
          serial_bayou_shore_b, grunt_megastairs_2, serial_bayou_shore_b
Swamp:1:  layout_basic_swamp, evilmike_swamp_ruin_house_1, swamp_pool_4,
          uniq_nikola, uniq_jorgrun
Snake:1:  layout_onion, serial_shops, nicolae_shop_crystal,
          nicolae_shop_vocational, grunt_megastairs_3, minmay_shop_star,
          uniq_azrael, uniq_aizul
Snake:2:  layout_misc_corridors, serial_bayou_shore_a, uniq_donald
Orc:1:    layout_caves, mines2_david
Orc:2:    st_orc_ogre_mass, layout_caves, mines5_lemuel, uniq_snorg

Skill      XL: |  1  2  3  4  5  6  7  8  9 10 11 12 13 14 15 |
---------------+----------------------------------------------+-----
Long Blades    | 4 5 6 8 9 11 13 15 16 17 | 17.0
Fighting       | 3 4 5 6 8 9 10 11 13 14 15 | 15.4
Armour         | 1 2 3 4 5 7 8 10 11 12 13 14 | 14.9
Dodging        | 4 5 6 7 9 10 11 12 13 14 | 14.3
Throwing       | 3 5 7 9 11 | 11.8
Invocations    | 3 5 7 9 |  9.4
Shields        | 4 |  4.6

Action                     |  1- 3 |  4- 6 |  7- 9 | 10-12 | 13-15 | 16-18 || total
---------------------------+-------+-------+-------+-------+-------+-------++-------
  Melee: Long sword        |    65 |    91 |   497 |   504 |       |       ||  1157
         Headbutt          |    10 |    20 |    89 |   144 |   162 |    12 ||   437
         Double sword      |       |       |       |    83 |   729 |    39 ||   851
  Throw: Throwing net      |       |     3 |     1 |     8 |     4 |       ||    16
         Javelin           |       |       |       |       |    20 |       ||    20
 Invoke: Heroism           |       |       |       |     3 |     9 |     1 ||    13
         Receive Weapon    |       |       |       |     1 |       |       ||     1
         Receive Armour    |       |       |       |     1 |       |       ||     1
         Finesse           |       |       |       |       |     5 |       ||     5
  Evoke: Wand              |       |       |     3 |       |       |     1 ||     4
    Use: Scroll            |       |     6 |     8 |    13 |     5 |     2 ||    34
         Potion            |       |       |     6 |     4 |    12 |     4 ||    26
   Stab: Distracted        |     1 |       |       |       |       |       ||     1
         Held in net/web   |       |       |     1 |     8 |     1 |       ||    10
 Armour: Leather armour    |    21 |       |       |       |       |       ||    21
         Ring mail         |    24 |    67 |   334 |       |       |       ||   425
         Swamp dragon scal |       |       |    47 |   477 |   438 |    33 ||   995
  Dodge: Dodged            |    52 |    54 |   320 |   424 |   522 |    32 ||  1404
  Block: Buckler           |       |       |       |       |    48 |     7 ||    55

Table legend: (Time is in decaauts)
 A = Elapsed time spent in this place.
 B = Non-inter-level travel time spent in this place.
 C = Inter-level travel time spent in this place.
 D = Time resting spent in this place.
 E = Time spent auto-exploring this place.
 F = Levels seen in this place.
 G = Mean time per level.
                   A        B        C        D        E       F      G
               +--------+--------+--------+--------+--------+-----+--------+
         Total |  24151 |  22520 |   1631 |   1702 |  16959 |  26 |  928.9 |
       Dungeon |  14974 |  14051 |    923 |    632 |  11059 |  15 |  998.3 |
        Temple |      1 |      1 |      0 |      0 |      0 |   1 |    1.0 |
          Lair |   5259 |   4761 |    498 |     80 |   3978 |   4 | 1314.8 |
         Swamp |    152 |    150 |      2 |      0 |    110 |   1 |  152.0 |
     Snake Pit |   1380 |   1324 |     56 |    352 |    701 |   2 |  690.0 |
  Orcish Mines |   2012 |   1863 |    149 |    638 |    967 |   2 | 1006.0 |
         Sewer |    370 |    370 |      0 |      0 |    143 |   1 |  370.0 |
               +--------+--------+--------+--------+--------+-----+--------+

Top non-repeatable levels by time:
     D:5: 1914 daAuts
  Lair:1: 1725 daAuts
   Orc:1: 1407 daAuts
     D:7: 1380 daAuts
 Snake:1: 1324 daAuts
     D:6: 1305 daAuts
    D:10: 1271 daAuts
  Lair:4: 1241 daAuts
  Lair:2: 1235 daAuts
     D:9: 1146 daAuts
  Lair:3: 1057 daAuts
    D:11: 941 daAuts
    D:15: 938 daAuts
    D:13: 931 daAuts
    D:14: 914 daAuts
